 Dungeon Crawl Stone Soup version 0.23-a0-169-gb21e69520c (webtiles) character file.

58 PikkenKukken the Shield-Bearer (level 4, -1/24 HPs)
             Began as a Vine Stalker Fighter on Sept 12, 2018.
             Slain by an ogre
             ... wielding a +0 giant spiked club
              (11 damage)
             ... on level 2 of the Dungeon.
             The game lasted 00:02:05 (1521 turns).

PikkenKukken the Shield-Bearer (VSFi)               Turns: 1521, Time: 00:02:05

Health: -1/24      AC:  6    Str: 18    XL:     4   Next: 2%
Magic:  0/5        EV:  7    Int:  8    God:
Gold:   90         SH: 11    Dex: 18    Spells: 3/3 levels left

rFire    . . .     SeeInvis .   a - +0 rapier
rCold    . . .     Gourm    .   h - +2 shield
rNeg     . . .     Faith    .   b - +0 scale mail
rPois    .         Spirit   +   (no helmet)
rElec    .         Reflect  .   (no cloak)
rCorr    .         Harm     .   (no gloves)
MR       .....                  (no boots)
Stlth    ..........             (no amulet)
HPRegen  0.48/turn              e - +3 ring of dexterity
MPRegen  0.09/turn              (no ring)

@: no status effects
A: fangs 2, regeneration 1, magic shield, antimagic bite, no potion heal 3, rot
immunity
a: no special abilities


You were on level 2 of the Dungeon.
You were not hungry.

You visited 1 branch of the dungeon, and saw 2 of its levels.

You collected 90 gold pieces.

Inventory:

Hand Weapons
 a - a +0 rapier (weapon)
Armour
 b - a +0 scale mail (worn)
 h - a +2 shield (worn)
Jewellery
 e - a +3 ring of dexterity (left hand)
Potions
 d - a potion of might
Comestibles
 f - 2 rations
 g - 5 chunks of flesh


   Skills:
 + Level 3.0 Fighting
 * Level 2.7 Short Blades
 + Level 2.7 Armour
 + Level 3.1 Shields


You had 3 spell levels left.
You didn't know any spells.
Your spell library was empty.

Dungeon Overview and Level Annotations

Branches:
Dungeon (2/15)

Altars:
The Shining One


Innate Abilities, Weirdness & Mutations

You have extremely sharp teeth.
Your natural rate of healing is unusually fast.
When hurt, damage is shared between your health and your magic reserves.
Your bite disrupts and absorbs the magic of your enemies.
Potions cannot restore your health.
You are immune to rotting.


Message History

The ogre hits you with a giant spiked club.
* * * LOW HITPOINT WARNING * * *
You hit the ogre.
The ogre is moderately wounded.
You block the ogre's attack.
You puncture the ogre!
The ogre is heavily wounded.
You block the ogre's attack.
Your shield and scale mail prevent you from hitting the ogre.
The ogre is heavily wounded.
You completely miss the ogre. Your bite misses the ogre.
The ogre is heavily wounded.
You block the ogre's attack.
You hit the ogre but do no damage. Your bite misses the ogre.
The ogre is heavily wounded.
The ogre barely misses you.
You hit the ogre.
The ogre is heavily wounded.
The ogre hits you with a giant spiked club!
You die...

**********###**
**********,,,,,,,,,,...*
*,,,,,,,,,,,*********#.#*
*,********,,* **,#.#* #### *,*
*,,* *####,**#.####... *,* #,,*
*....#* ##.....#.
*,******##..####.#*#.###.######.
*,**,,,,...[...O.# *#.#.## *#.
*,**,*****,,**#@#####...#*****..
*,**,* *,,* #?.(....#.........
*,**,*** *,,**#######...######..
*,,,,,,* *,,,,,,,,,,...## ##.
*,,,,,,***,,*******##.#.#* ##
*,,,,,,,,,,,* **.###.#* #.
**,,,,,***,########,#* *#.## #.
*,,,,,* *,,....,..#* *#.####.
****,** ***##.##*#.## ##....##.


You could see an ogre.

Vanquished Creatures
  An adder (D:2)
  An ooze (D:1)
  2 worms (D:2)
  A ball python (D:1)
  7 bats
  4 giant cockroaches
  5 goblins
  5 hobgoblins
  A kobold (D:1)
  A quokka (D:2)
  A frilled lizard (D:1)
  8 rats
37 creatures vanquished.

Notes
Turn   | Place    | Note
-------+----------+-------------------------------------------
     0 | D:1      | PikkenKukken the Vine Stalker Fighter began the quest for
                  | the Orb.
     0 | D:1      | Reached XP level 1. HP: 11/11 MP: 2/2
   216 | D:1      | Reached XP level 2. HP: 15/16 MP: 3/3
   531 | D:1      | Found a glowing golden altar of the Shining One.
   710 | D:1      | Reached XP level 3. HP: 19/19 MP: 4/4
  1389 | D:2      | Found a faded altar of an unknown god.
  1489 | D:2      | Gained mutation: Your natural rate of healing is unusually
                  | fast. [Vine Stalker growth]
  1489 | D:2      | Reached XP level 4. HP: 24/24 MP: 5/5
  1512 | D:2      | Noticed an ogre
  1521 | D:2      | Slain by an ogre

Vault maps used:
D:1:      dpeg_arrival_castle, tso_altar
D:2:      first_ration, chequers_ecumenical_altar_simple_redux

Skill      XL: |  1  2  3 |
---------------+----------+-----
Short Blades   | 2 |  2.7
Shields        | 3 |  3.1
Fighting       | 3 |  3.0
Armour         | |  2.7

Action                   |  1- 3 |  4- 6 || total
-------------------------+-------+-------++-------
Melee: Rapier            |    90 |     9 ||    99
       Bite              |    21 |     1 ||    22
  Use: Scroll            |     5 |       ||     5
  Eat: Chunk             |     2 |       ||     2
Armor: Scale mail        |    31 |       ||    31
Dodge: Dodged            |    22 |     1 ||    23
Block: Shield            |    37 |     3 ||    40

Table legend:
 A = Non-vault XP
 B = Vault XP
 C = Vault XP percentage of total XP
 D = Non-vault monster count
 E = Vault monster count
 F = Vault count percentage of total count
                 A         B        C        D         E       F
            +---------+---------+-------+---------+---------+-------
      Total |      84 |       0 |   0.0 |      37 |       0 |   0.0
            +---------+---------+-------+---------+---------+-------
        D:1 |      39 |       0 |   0.0 |      21 |       0 |   0.0
        D:2 |      45 |       0 |   0.0 |      16 |       0 |   0.0
            +---------+---------+-------+---------+---------+-------
